 Dungeon Crawl Stone Soup version 0.23.2-1-ga50397a (webtiles) character file.

Game seed: 8030070323126798847

3172 TrebMcFLY the Basher (level 9, 0/56 HPs)
             Began as a Gargoyle Fighter on June 2, 2019.
             Was a Priest of Okawaru.
             Slain by an orc
             ... wielding a +0 halberd
              (1 damage)
             ... in a bailey.
             The game lasted 00:19:25 (7621 turns).

TrebMcFLY the Basher (Gargoyle Fighter)             Turns: 7621, Time: 00:19:26

Health: 0/56       AC: 16    Str: 26    XL:     9   Next: 94%
Magic:  12/12      EV:  8    Int:  9    God:    Okawaru [***...]
Gold:   376        SH: 14    Dex:  9    Spells: 8/8 levels left

rFire    + . .     SeeInvis .   E - +3 morningstar
rCold    . . .     Gourm    .   c - +1 shield
rNeg     + . .     Faith    .   H - +0 chain mail
rPois    ∞         Spirit   .   (no helmet)
rElec    +         Reflect  +   (no cloak)
rCorr    .         Harm     .   (no gloves)
MR       .....                  (no boots)
Stlth    ..........             s - +2 amulet of reflection
HPRegen  0.18/turn              y - +3 ring of strength
MPRegen  0.13/turn              v - ring of protection from fire

@: no status effects
A: negative energy resistance 1, electricity resistance, unbreathing,
petrification resistance, rot immunity, AC +6
a: Heroism, Renounce Religion


You were in a bailey.
You worshipped Okawaru.
Okawaru was most pleased with you.
You were not hungry.

You visited 1 branch of the dungeon, and saw 7 of its levels.
You also visited: Bailey.

You collected 376 gold pieces.

Inventory:

Hand Weapons
 B - the +9 hunting sling of Risk Management {flame, rElec rPois Int+2 Dex+4, unknown}
   (You found it on level 6 of the Dungeon)

   It causes projectiles fired from it to burn those they strike, causing extra
   injury to most foes and up to half again as much damage against particularly
   susceptible opponents.
   It affects your intelligence (+2).
   It affects your dexterity (+4).
   It insulates you from electricity.
   It protects you from poison.
 E - a +3 morningstar (weapon)
Armour
 c - a +1 shield (worn)
 H - a +0 chain mail (worn)
Jewellery
 s - a +2 amulet of reflection (around neck)
 v - a ring of protection from fire (right hand)
 y - a +3 ring of strength (left hand)
 F - a cursed +3 ring of strength
Wands
 x - a wand of paralysis (8)
 G - a wand of flame (9)
Scrolls
 a - a scroll of immolation {unknown}
 g - 8 scrolls of identify
 k - a scroll of random uselessness {unknown}
 m - 2 scrolls of remove curse
 n - a scroll of teleportation
 p - 2 scrolls of amnesia
 r - 5 scrolls of magic mapping
 u - a scroll of noise {unknown}
Potions
 d - 3 potions of might
 e - 2 potions of brilliance
 h - a potion of curing
 j - 4 potions of resistance
 l - 2 potions of mutation {unknown}
 o - 2 potions of berserk rage {unknown}
 q - 2 potions of lignification
 z - 3 potions of cancellation {unknown}
 A - a potion of haste {unknown}
Comestibles
 b - 6 chunks of flesh
 f - 10 rations


   Skills:
 + Level 6.9 Fighting
 * Level 8.1 Maces & Flails
 + Level 6.8 Armour
 + Level 3.0 Dodging
 + Level 6.8 Shields
 + Level 4.1 Invocations


You had 8 spell levels left.
You didn't know any spells.
Your spell library was empty.

Dungeon Overview and Level Annotations

Branches:
Dungeon (7/15)             Temple (0/1) D:5

Altars:
Cheibriados
Okawaru
Qazlal
Ru
Sif Muna
Trog
Vehumet
Wu Jian
Zin
The Shining One

Shops:
D:4 (   D:5 [


Innate Abilities, Weirdness & Mutations

You are resistant to torment.
Your stone body is resilient. (AC +6)
You are immune to poison.
You resist negative energy. (rN+)
You are resistant to electric shocks. (rElec)
You can survive without breathing.
You are immune to petrification.
You are immune to rotting.


Message History

Okay, then.
You feel like a meek peon again. The orc warrior closely misses you.
You block the orc warrior's attack.
You closely miss the orc. The orc hits you but does no damage.
The orc warrior barely misses you.
You completely miss the orc. You block the orc's attack. x2
The orc warrior hits you from afar with a +0 glaive.
* * * LOW HITPOINT WARNING * * *
You barely miss the orc. You block the orc's attack. x2
The orc closely misses you.
The orc warrior hits you from afar with a +0 glaive!
* * * LOW HITPOINT WARNING * * *
You closely miss the orc. The orc barely misses you.
The orc closely misses you. x2
You hit the orc.
The orc is severely wounded.
You block the orc warrior's attack. You block the orc's attack.
The orc hits you from afar with a +0 halberd.
You die...

### ############ ...##
##........∩.##
....######............#
....#....#............#
..)))....'......)....∩#
....#....#....o...))).#
....######....o...).).#
...## ##...oo@..∩.##
### ############


You could see an orc warrior and 3 orcs.

Vanquished Creatures
  6 yaks (D:5)
  An ice beast (D:7)
  An orc warrior (Bailey)
  3 phantoms (D:7)
  A centaur (D:6)
  4 ogres
  2 bullfrogs
  3 killer bees (D:6)
  3 wights (D:6)
  3 howler monkeys
  A crimson imp (D:5)
  A centaur skeleton (D:4)
  5 orc priests
  4 hounds
  5 orc wizards
  An iguana (D:6)
  5 worker ants
  4 gnolls (D:3)
  12 adders
  A howler monkey skeleton (D:5)
  2 oozes
  2 adder zombies
  2 worms
  2 dart slugs
  4 leopard geckos
  49 orcs
  3 giant cockroaches
  7 goblins
  11 hobgoblins
  2 jackals (D:4)
  2 quokkas
  4 bats
  5 frilled lizards
  13 kobolds
  A leopard gecko skeleton (D:6)
  8 rats
183 creatures vanquished.

Notes
Turn   | Place    | Note
-------+----------+-------------------------------------------
     0 | D:1      | TrebMcFLY the Gargoyle Fighter began the quest for the Orb.
     0 | D:1      | Reached XP level 1. HP: 14/14 MP: 1/1
   294 | D:1      | Reached XP level 2. HP: 19/19 MP: 2/2
   761 | D:2      | Reached XP level 3. HP: 20/23 MP: 3/3
   982 | D:2      | Reached skill level 3 in Maces & Flails
   982 | D:2      | Reached XP level 4. HP: 24/29 MP: 4/4
  1919 | D:3      | Reached XP level 5. HP: 29/33 MP: 5/5
  1999 | D:3      | Reached skill level 4 in Maces & Flails
  2434 | D:3      | Reached XP level 6. HP: 35/38 MP: 6/6
  2519 | D:3      | Found a bloodstained altar of Trog.
  2910 | D:3      | Found a sacrificial altar of Ru.
  2919 | D:3      | Found a glowing golden altar of the Shining One.
  2930 | D:3      | Found a stormy altar of Qazlal.
  2966 | D:3      | Found a deep blue altar of Sif Muna.
  2973 | D:3      | Found a radiant altar of Vehumet.
  2980 | D:3      | Found a snail-covered altar of Cheibriados.
  2985 | D:3      | Found an iron altar of Okawaru.
  2989 | D:3      | Became a worshipper of Warmaster Okawaru
  3184 | D:4      | Found Efamea's Weapon Emporium.
  3258 | D:5      | Entered Level 5 of the Dungeon
  3266 | D:5      | Found a glowing silver altar of Zin.
  3385 | D:5      | Noticed a yak
  3386 | D:5      | Noticed a yak
  3395 | D:5      | Noticed a yak
  3396 | D:5      | Noticed a yak
  3399 | D:5      | Noticed a yak
  3400 | D:5      | Noticed a yak
  3417 | D:5      | Found Wisch's Armour Shop.
  3884 | D:6      | Reached XP level 7. HP: 27/44 MP: 7/7
  3971 | D:6      | Reached skill level 5 in Maces & Flails
  4101 | D:6      | Reached * piety under Okawaru
  4101 | D:6      | Reached skill level 5 in Fighting
  4101 | D:6      | Reached skill level 5 in Armour
  4399 | D:6      | Reached skill level 5 in Shields
  4519 | D:6      | Got an encrusted hunting sling
  5163 | D:6      | Reached XP level 8. HP: 29/49 MP: 5/8
  5640 | D:5      | Reached skill level 1 in Invocations
  5659 | D:5      | Reached skill level 6 in Maces & Flails
  5670 | D:5      | Reached skill level 1 in Dodging
  5996 | D:5      | Found an ornate altar of the Wu Jian Council.
  6019 | D:5      | Killed a yak
  6021 | D:5      | Killed a yak
  6030 | D:5      | Killed a yak
  6030 | D:5      | Reached ** piety under Okawaru
  6032 | D:5      | Killed a yak
  6032 | D:5      | Reached skill level 7 in Maces & Flails
  6032 | D:5      | Reached XP level 9. HP: 52/55 MP: 7/11
  6142 | D:5      | Found a staircase to the Ecumenical Temple.
  6775 | D:4      | Found an ornate altar of the Wu Jian Council.
  7102 | D:7      | Found an ornate altar of the Wu Jian Council.
  7191 | D:7      | Reached *** piety under Okawaru
  7191 | D:7      | Reached skill level 8 in Maces & Flails
  7261 | D:7      | Found a flagged portal.
  7296 | Bailey   | Entered a bailey
  7619 | Bailey   | HP: 1/56 [orc warrior/+0 glaive (10)]
  7621 | Bailey   | Slain by an orc

Skill      XL: |  1  2  3  4  5  6  7  8  9 |
---------------+----------------------------+-----
Maces & Flails | 3 4 5 7 8 |  8.1
Fighting       | 4 5 6 |  6.9
Armour         | 4 5 6 |  6.8
Shields        | 4 5 6 |  6.8
Invocations    | 2 4 |  4.1
Dodging        | 2 3 |  3.0

Action                   |  1- 3 |  4- 6 |  7- 9 || total
-------------------------+-------+-------+-------++-------
Melee: Flail             |   120 |   325 |   124 ||   569
       Morningstar       |       |       |   303 ||   303
Invok: Heroism           |       |       |    10 ||    10
  Use: Scroll            |       |       |    10 ||    10
  Eat: Chunk             |       |    10 |    10 ||    20
       Ration            |       |       |     1 ||     1
Armor: Scale mail        |    75 |   163 |   153 ||   391
       Chain mail        |       |       |   136 ||   136
Dodge: Dodged            |    49 |   102 |   194 ||   345
Block: Shield            |    64 |   184 |   434 ||   682
       Reflection        |       |       |     1 ||     1
